 Dungeon Crawl Stone Soup version 0.26.0-10-g1f06aea511 (webtiles) character file.

Game seed: 2282839061798688605

3266 inc the Unseen (level 9, -1/34 HPs)
             Began as a Felid Enchanter on Jan 29, 2021.
             Was a Believer of Uskayaw.
             Slain by a sky beast (6 damage)
             ... on level 12 of the Dungeon.
             The game lasted 00:50:16 (17891 turns).

inc the Unseen (Felid Enchanter)                   Turns: 17891, Time: 00:50:17

Health: -1/34      AC:  2    Str:  4    XL:     9   Next: 68%
Magic:  9/15       EV: 18    Int: 19    God:    Uskayaw [**....]
Gold:   709        SH:  5    Dex: 18    Spells: 3/12 levels left
                                        Lives:  0   Deaths: 3

rFire    . . .     SeeInvis +     - Unarmed
rCold    + . .     Faith    .   (shield unavailable)
rNeg     . . .     Spirit   .   (armour unavailable)
rPois    .         Reflect  +   (helmet unavailable)
rElec    .         Harm     .   (cloak unavailable)
rCorr    .         Rampage  .   (gloves unavailable)
Will     +....                  (boots unavailable)
Stlth    +++++++...             J - amulet of reflection
HPRegen  0.11/turn              G - ring of ice
MPRegen  0.14/turn              v - ring of protection from fire

@: quick
A: very small, no armour, no weapons or thrown items, stealth, claws 1, fangs 3,
see invisible, speed 1, shaggy fur 2, sharp paws
a: Renounce Religion, Stomp, Line Pass


You were on level 12 of the Dungeon.
You worshipped Uskayaw.
Uskayaw was noncommittal.
You visited 2 branches of the dungeon, and saw 13 of its levels.
You also visited: Bailey, Gauntlet and Ice Cave.

You collected 757 gold pieces.
You spent 48 gold pieces at shops.

Inventory:

Jewellery
 a - an uncursed amulet of guardian spirit
 d - an uncursed ring of wizardry
 f - an uncursed amulet of magic regeneration
 i - an uncursed ring of flight
 v - a ring of protection from fire (right paw)
 y - the ring "Zotuniho" {Will++ Str+3 SInv}
   (You found it on level 8 of the Dungeon)

   [ring of see invisible]

   It affects your strength (+3).
   It affects your willpower, your defense against some magical effects.
   It lets you see invisible.
 E - an uncursed amulet of regeneration
 G - a ring of ice (left paw)
 H - an uncursed ring of positive energy
 I - the ring "Tuediqeq" {rPois Dex+4 SInv Stlth-}
   (You found it in a Gauntlet)

   [ring of attention]

   It affects your dexterity (+4).
   It protects you from poison.
   It lets you see invisible.
   It makes you less stealthy.
 J - an amulet of reflection (around neck)
Wands
 k - a wand of random effects (35)
 t - a wand of flame (20)
 x - a wand of disintegration (11)
 D - a wand of polymorph (6)
 F - a wand of paralysis (16)
 K - a wand of acid (3)
Scrolls
 c - 5 scrolls of teleportation {unknown}
 h - 3 scrolls of blinking {unknown}
 p - a scroll of noise {unknown}
 q - 4 scrolls of remove curse {unknown}
 s - 3 scrolls of amnesia {unknown}
 u - 2 scrolls of enchant weapon {unknown}
 w - 3 scrolls of immolation {unknown}
 A - 2 scrolls of fog {unknown}
 B - a scroll of identify
 C - a scroll of fear {unknown}
Potions
 b - 2 potions of magic
 e - 9 potions of curing
 g - 4 potions of attraction
 j - a potion of heal wounds
 l - a potion of resistance
 m - a potion of lignification
 n - a potion of mutation
 o - 3 potions of brilliance
 r - 2 potions of flight
 z - a potion of haste


   Skills:
 - Level 2.6 Dodging
 - Level 15.9 Stealth
 - Level 6.1 Unarmed Combat
 - Level 2.3 Spellcasting
 - Level 4.0 Conjurations
 - Level 11.4 Hexes
 - Level 5.2 Ice Magic
 + Level 7.5 Invocations


You had 3 spell levels left.
You knew the following spells:

 Your Spells              Type           Power        Failure   Level
a - Corona                Hex            50%          1%          1
b - Ensorcelled Hibernat  Hex/Ice        100%         1%          2
c - Confusing Touch       Hex            45%          1%          3
d - Dazzling Flash        Conj/Hex       62%          1%          3

Your spell library contained the following spells:

 Spells                   Type           Power        Failure   Level
 Tukima's Dance           Hex            45%          1%          3
 Beastly Appendage        Tmut           4%           16%         1
 Wereblood                Tmut           2%           24%         2
 Spider Form              Tmut/Pois      1%           43%         3
 Summon Mana Viper        Hex/Summ       23%          41%         5
 Ice Form                 Ice/Tmut       18%          50%         4
 Iskenderun's Battlesphe  Conj           17%          65%         5
 Bolt of Magma            Conj/Fire/Erth 3%           95%         5
 Blade Hands              Tmut           1%           99%         5
 Summon Demon             Summ           1%           99%         5
 Summon Forest            Summ/Tloc      1%           99%         5
 Iron Shot                Conj/Erth      4%           100%        6
 Shadow Creatures         Summ           N/A          100%        6
 Orb of Destruction       Conj           8%           100%        7
 Spellforged Servitor     Conj/Summ      4%           100%        7
 Summon Hydra             Summ           1%           100%        7


Dungeon Overview and Level Annotations

Branches:
Dungeon (12/15)            Temple (1/1) D:6          Bailey (visited)
  IceCv (visited)         Gauntlet (visited)
   Lair: D:8-11         Orc: D:9-12

Altars:
Ashenzari
Cheibriados
Dithmenos
Elyvilon
Fedhas
Gozag
Hepliaklqana
Kikubaaqudgha
Makhleb
Nemelex Xobeh
Okawaru
Qazlal
Ru
Sif Muna
Trog
Uskayaw
Vehumet
Wu Jian
Xom
Yredelemnul
Zin
The Shining One

Shops:
D:7 (   D:8 *


Innate Abilities, Weirdness & Mutations

You cannot wear armour.
You are incapable of wielding weapons or throwing items.
Your paws allow you to move quietly. (Stealth)
You have sharp claws.
You have razor-sharp teeth.
You have supernaturally acute eyesight. (SInv)
You cover ground quickly.
You are covered in thick fur. (AC +2)
Your sharp claws are effective at attacking unaware monsters.


Message History

You eviscerate the yak!!!!
You kill the yak!
The orc wizard hits you with a +0 dagger.
The sky beast closely misses you.
Casting: Ensorcelled Hibernation (safe; 1% risk of failure)
Confirm with . or Enter, or press ? or * to list all spells.
Aiming: Ensorcelled Hibernation (safe; 1% risk of failure)
Press: ? - help, Shift-Dir - straight line, f - orc wizard
Aim: an orc wizard, wielding a +0 dagger and wearing a +0 robe (fast, chance to affect: 72%)
You feel a surge of power!
The orc wizard struggles to resist.
You block the orc warrior's attack.
The orc wizard gestures at you while chanting.
The magic dart hits you!
The orc wizard points at you and mumbles some strange words.
The magic dart hits you!
* * * LOW HITPOINT WARNING * * *
The sky beast hits you.
* * * LOW HITPOINT WARNING * * *
The sky beast shocks you.
You die...

########### .........
#.# #...[...# .##.#
#.......# .##.# #..
#..?....# .##.#
#..##.......# .##.#
#..##..YYo..# .##.#
#..##...@)o.# .##.#
#..##....o..# .##.#
#..##.......# ....#
#<.##.......... ##..#
#...............
##..#####..........###..
##........##.......# .
##........##.....(.#
##........##.(.....#


You could see a yak, an orc warrior, a sky beast (invisible) and 2 orc wizards.

Vanquished Creatures
  A minotaur (Gauntlet)
  A centaur warrior (D:10)
  2 two-headed ogres
  An unseen horror (D:10)
  An ugly thing (D:12)
  A troll (D:11)
  5 slime creatures (Gauntlet)
  A wyvern (D:12)
  2 yaks (D:12)
  A shadow (D:12)
  A hornet zombie (D:5)
  4 orc warriors
  13 ice beasts
  5 sky beasts
  2 black bears (D:9)
  2 phantoms
  4 ogres
  4 centaurs
  2 big kobolds
  A gnoll sergeant (D:5)
  3 bullfrogs
  A wyvern skeleton (D:6)
  6 scorpions
  9 killer bees
  5 wights (D:9)
  2 howler monkeys
  A bullfrog zombie (D:5)
  2 centaur zombies
  10 hounds
  8 jellies
  3 bullfrog skeletons
  4 orc wizards
  A gnoll shaman (D:2)
  3 orc priests
  2 centaur skeletons
  Jessica (D:2)
  2 iguanas
  6 worker ants
  A hound zombie (D:9)
  A hound skeleton (D:7)
  2 worker ant zombies
  Robin (D:2)
  15 gnolls
  A howler monkey skeleton (D:9)
  13 adders
  A shadow imp (Gauntlet)
  8 white imps
  8 ufetubi
  4 oozes
  An adder skeleton (D:9)
  5 dart slugs
  3 worms
  6 leopard geckos
  26 orcs
  8 giant cockroaches
  12 hobgoblins
  8 jackals
  4 quokkas
  A ball python (D:3)
  8 bats
  3 frilled lizards (D:1)
  14 goblins
  A jackal skeleton (D:4)
  A jackal zombie (D:6)
  11 kobolds
  A quokka skeleton (D:4)
  10 rats
301 creatures vanquished.

Vanquished Creatures (others)
  A white imp (IceCv)
  3 ufetubi (IceCv)
  5 fungi (Gauntlet)
  17 plants
26 creatures vanquished.

Grand Total: 327 creatures vanquished

Notes
Turn   | Place    | Note
-------+----------+-------------------------------------------
     0 | D:1      | inc the Felid Enchanter began the quest for the Orb.
     0 | D:1      | Reached XP level 1. HP: 7/7 MP: 4/4
   171 | D:1      | Reached XP level 2. HP: 4/11 MP: 3/6
   263 | D:1      | Learned a level 2 spell: Ensorcelled Hibernation
   906 | D:1      | Reached XP level 3. HP: 14/14 MP: 7/7
   930 | D:1      | Reached skill level 1 in Ice Magic
  1149 | D:1      | Reached skill level 5 in Hexes
  2384 | D:2      | Noticed Robin
  2522 | D:2      | Killed Robin
  2523 | D:2      | Reached XP level 4. HP: 18/18 MP: 1/8
  3724 | D:2      | Noticed Jessica
  3731 | D:2      | Killed Jessica
  3732 | D:2      | Reached XP level 5. HP: 21/21 MP: 0/9
  3910 | D:2      | Reached skill level 5 in Stealth
  4293 | D:3      | Reached skill level 6 in Stealth
  4641 | D:3      | Gained mutation: You are covered in thick fur. (AC +2)
                  | [Felid growth]
  4641 | D:3      | Reached XP level 6. HP: 20/24 MP: 3/10
  4807 | D:3      | Found a shimmering blue altar of Sif Muna.
  5311 | D:4      | Learned a level 3 spell: Confusing Touch
  6612 | D:4      | Reached XP level 7. HP: 27/27 MP: 8/11
  6630 | D:5      | Entered Level 5 of the Dungeon
  6792 | D:5      | Found a broken altar of Ashenzari.
  7384 | D:5      | Reached skill level 5 in Unarmed Combat
  8379 | D:5      | Reached skill level 7 in Stealth
  8511 | D:5      | Reached XP level 8. HP: 31/31 MP: 7/12
  8848 | D:5      | Reached skill level 8 in Stealth
  9286 | D:5      | Learned a level 3 spell: Dazzling Flash
  9400 | D:6      | Reached skill level 1 in Conjurations
  9618 | D:6      | Found a shadowy altar of Dithmenos.
  9655 | D:6      | Slain by an ice beast
  9656 | D:6      | Reached XP level 7. HP: -1/27 MP: 11/11
 10148 | D:7      | Found Maedoje's Antique Weapon Boutique.
 10192 | D:7      | Reached XP level 8. HP: 31/31 MP: 6/12
 10353 | D:7      | Reached skill level 9 in Stealth
 10435 | D:7      | Reached skill level 10 in Stealth
 10523 | D:7      | Reached skill level 11 in Stealth
 10960 | D:7      | Found a sparkling altar of Nemelex Xobeh.
 10960 | D:7      | Found an ancient bone altar of Kikubaaqudgha.
 10965 | D:7      | Found a faded altar of an unknown god.
 10970 | D:7      | Found an opulent altar of Gozag.
 10972 | D:7      | Found a hide-covered altar of Uskayaw.
 10975 | D:7      | Reached skill level 12 in Stealth
 11001 | D:7      | Noticed a two-headed ogre
 11015 | D:7      | Killed a two-headed ogre
 11016 | D:7      | Reached skill level 13 in Stealth
 11016 | D:7      | Reached XP level 9. HP: 29/34 MP: 8/13
 11554 | D:6      | Found a staircase to the Ecumenical Temple.
 11559 | Temple   | Entered the Ecumenical Temple
 11663 | D:6      | Found a radiant altar of Vehumet.
 11686 | D:6      | Found a burning altar of Makhleb.
 11686 | D:6      | Found a sacrificial altar of Ru.
 11957 | D:6      | Reached skill level 14 in Stealth
 12053 | D:7      | Became a worshipper of Uskayaw the Reveller
 12387 | D:8      | Reached * piety under Uskayaw
 12579 | D:8      | Found Hougehut's General Store.
 12600 | D:8      | Bought a scroll of identify for 24 gold pieces
 12600 | D:8      | Bought a scroll of identify for 24 gold pieces
 12657 | D:8      | Got a vibrating pewter ring
 12660 | D:8      | Identified the ring "Zotuniho" {Will++ Str+3 SInv} (You
                  | found it on level 8 of the Dungeon)
 12679 | D:8      | Reached ** piety under Uskayaw
 12931 | D:8      | Reached *** piety under Uskayaw
 12933 | D:8      | Reached **** piety under Uskayaw
 13490 | D:9      | Noticed a white ugly thing
 13501 | D:9      | Reached skill level 1 in Invocations
 13942 | D:9      | Found a flagged portal.
 14042 | Bailey   | Entered a bailey
 14296 | D:9      | Reached XP level 10. HP: 35/35 MP: 10/14
 14383 | D:9      | Found an opulent altar of Gozag.
 15125 | D:10     | Entered Level 10 of the Dungeon
 15187 | D:10     | Noticed an unseen horror
 15197 | D:10     | Killed an unseen horror
 15198 | D:10     | Reached skill level 10 in Hexes
 15216 | D:10     | Found a snail-covered altar of Cheibriados.
 15269 | D:10     | Noticed a two-headed ogre
 15272 | D:10     | Killed a two-headed ogre
 15316 | D:10     | Noticed a centaur warrior
 15324 | D:10     | Killed a centaur warrior
 15325 | D:10     | Reached skill level 5 in Ice Magic
 16208 | D:11     | Noticed a two-headed ogre
 16214 | D:11     | Reached skill level 5 in Invocations
 16331 | D:11     | Noticed a manticore
 16527 | D:12     | Found a frozen archway.
 16563 | D:12     | Reached skill level 15 in Stealth
 16575 | D:12     | Reached XP level 11. HP: 40/40 MP: 7/16
 16575 | D:12     | Reached ***** piety under Uskayaw
 16604 | D:12     | Noticed a cyan ugly thing
 16631 | D:12     | Killed a cyan ugly thing
 16657 | D:12     | Found a gate leading to a gauntlet.
 16664 | Gauntlet | Entered a Gauntlet
 16664 | Gauntlet | Found a transporter.
 16665 | Gauntlet | Found a large runed translucent door.
 16666 | Gauntlet | Found a large runed translucent door.
 16667 | Gauntlet | Found a large runed translucent door.
 16667 | Gauntlet | Found a large runed translucent door.
 16667 | Gauntlet | Found a runed translucent door.
 16667 | Gauntlet | Found a runed translucent door.
 16668 | Gauntlet | Found a large runed translucent door.
 16669 | Gauntlet | Found a large runed translucent door.
 16669 | Gauntlet | Noticed a soul eater
 16670 | Gauntlet | Found a large runed translucent door.
 16670 | Gauntlet | Found a large runed translucent door.
 16671 | Gauntlet | Found a runed translucent gate.
 16671 | Gauntlet | Found a runed translucent gate.
 16671 | Gauntlet | Found a runed translucent gate.
 16673 | Gauntlet | Found a transporter.
 16694 | Gauntlet | Found a transporter.
 16709 | Gauntlet | Found a transporter.
 16711 | Gauntlet | Noticed a blizzard demon
 16714 | Gauntlet | Found a transporter.
 16730 | Gauntlet | Found a transporter.
 16750 | Gauntlet | Found a transporter.
 16759 | Gauntlet | Found a transporter.
 16772 | Gauntlet | Noticed a thrashing horror
 16774 | Gauntlet | Found a transporter.
 16785 | Gauntlet | Found a transporter.
 16787 | Gauntlet | Found a transporter.
 16789 | Gauntlet | Found a transporter.
 16808 | Gauntlet | Noticed a fire crab
 16810 | Gauntlet | Found a transporter.
 16816 | Gauntlet | Found a transporter.
 16818 | Gauntlet | Found a transporter.
 16820 | Gauntlet | Found a large runed translucent door.
 16820 | Gauntlet | Found a large runed translucent door.
 16821 | Gauntlet | Found a large runed translucent door.
 16821 | Gauntlet | Found a large runed translucent door.
 16838 | Gauntlet | Noticed a death ooze
 16842 | Gauntlet | Found a transporter.
 16860 | Gauntlet | Found a transporter.
 16889 | Gauntlet | Found a large runed translucent door.
 16890 | Gauntlet | Found a large runed translucent door.
 16915 | Gauntlet | Found a large runed translucent door.
 16925 | Gauntlet | Found a transporter.
 16936 | Gauntlet | Found a large runed translucent door.
 17067 | Gauntlet | Got a clouded glass ring
 17082 | Gauntlet | Noticed a minotaur
 17088 | Gauntlet | Identified the ring "Tuediqeq" {rPois Dex+4 SInv Stlth-}
                  | (You found it in a Gauntlet)
 17125 | Gauntlet | Killed a minotaur
 17198 | IceCv    | Entered an ice cave
 17454 | IceCv    | Engulfed by a cloud of freezing vapour
 17455 | IceCv    | Reached XP level 10. HP: 0/37 MP: 16/16
 17483 | IceCv    | Slain by an ice devil
 17484 | IceCv    | Reached XP level 9. HP: 0/34 MP: 12/15
 17891 | D:12     | Slain by a sky beast

Illustrated notes

Levels and vault maps discovered:
D:1:      minmay_arrival_arboretum_small, layout_basic
D:2:      layout_loops_corners, wad_floor_pattern_untrapped, uniq_robin,
          uniq_jessica
D:3:      layout_basic, led_sif_book
D:4:      layout_loops_corners
D:5:      minmay_razor_zed, layout_basic, basic_altar
D:6:      layout_layer_cave, chequers_temple_overflow_statue_of_worship,
          minmay_temple_entry_wispy, basic_altar, minmay_strange_pillars
D:7:      minmay_bubble_buster, layout_basic,
          chequers_temple_overflow_minitemple, serial_shops,
          nicolae_shop_overgrown_old_shop
D:8:      layout_basic, serial_shops, shop
D:9:      layout_basic, enter_bailey_8, chequers_serial_rivers_room_b,
          chequers_serial_rivers_room_b, corexii_leaking_fountain,
          lemuel_centaur_altar
D:10:     layout_basic, basic_altar
D:11:     layout_small_grid, lair_entry_dummy, nicolae_trove_entry_free_sample,
          makhleb_altar_promises_db
D:12:     layout_long_grid, erik_orc_1, gauntlet_entry_generic,
          portal_ice_cave_entry_ice_beasts
Temple:   jpeg_temple_clearing

Skill      XL: |  1  2  3  4  5  6  7  8  9 10 11 |
---------------+----------------------------------+-----
Ice Magic      | 1 2 5 |  5.2
Hexes          | 5 6 7 9 11 | 11.4
Stealth        | 6 7 13 14 15 | 15.9
Unarmed Combat | 3 6 |  6.1
Conjurations   | 4 2 |  4.0
Invocations    | 7 5 6 |  7.5
Dodging        | |  2.6
Spellcasting   | |  2.3

Action                   |  1- 3 |  4- 6 |  7- 9 | 10-12 || total
-------------------------+-------+-------+-------+-------++-------
Melee: Unarmed           |    96 |   166 |   273 |   133 ||   668
       Bite              |     3 |    14 |    24 |     9 ||    50
       Punch             |       |     3 |     5 |     3 ||    11
 Cast: Ensorcelled Hiber |    48 |    81 |   111 |    46 ||   286
       Corona            |     2 |       |       |       ||     2
       Confusing Touch   |       |     4 |    25 |    11 ||    40
       Dazzling Flash    |       |       |     9 |     1 ||    10
Invok: Line Pass         |       |       |     2 |     1 ||     3
       Stomp             |       |       |       |     2 ||     2
  Use: Scroll            |       |       |    11 |     2 ||    13
       Potion            |       |       |     1 |     3 ||     4
 Stab: Sleeping          |    31 |    54 |    96 |    42 ||   223
       Confused          |       |     5 |    13 |     7 ||    25
       Invisible         |       |       |     4 |       ||     4
       Paralysed         |       |       |       |     7 ||     7
       Distracted        |       |       |       |     1 ||     1
Armor: Skin              |     4 |     7 |    16 |     8 ||    35
Dodge: Dodged            |    97 |   111 |   192 |   101 ||   501
Block: Other             |       |       |     3 |    15 ||    18
